 Dungeon Crawl Stone Soup version 0.28-a0-1629-gf728b707aa (webtiles) character file.

Game seed: 2069624623071850070

0 psuckher the Sneak (level 1, 0/18 HPs)
             Began as a Demonspawn Delver on Jan 24, 2022.
             Slain by Pikel (3 damage)
             ... on level 4 of the Dungeon.
             The game lasted 00:01:15 (94 turns).

psuckher the Sneak (Demonspawn Delver)                Turns: 94, Time: 00:01:16

Health: 0/18       AC:  3    Str: 12    XL:     1   Next: 0%
Magic:  1/1        EV: 11    Int: 11    God:
Gold:   0          SH:  0    Dex: 14    Spells: 0/0 levels left

rFire   . . .      SeeInvis .   i - +2 short sword (venom)
rCold   . . .      Faith    .   (no shield)
rNeg    . . .      Spirit   .   b - +0 leather armour
rPois   .          Reflect  .   (no helmet)
rElec   .          Harm     .   (no cloak)
rCorr   .          Rampage  .   (no gloves)
Will    .....                   (no boots)
Stlth   ++........              (no amulet)
HPRegen 0.06/turn               h - +4 ring of slaying
MPRegen 0.07/turn               (no ring)

@: no status effects
A: no striking features
a: no special abilities


You were on level 4 of the Dungeon.
You visited 1 branch of the dungeon, and saw 2 of its levels.

Inventory:

Hand Weapons
 a - a +0 hand axe
 i - a +2 short sword of venom (weapon)
Armour
 b - a +0 leather armour (worn)
Jewellery
 h - a +4 ring of slaying (left hand)
Wands
 g - a wand of digging (3)
Scrolls
 d - a scroll of magic mapping
Potions
 f - a potion of haste


   Skills:
 + Level 3.0 Fighting
 + Level 1.7 Axes
 + Level 1.7 Dodging
 + Level 4.5 Stealth


You couldn't memorise any spells.
You didn't know any spells.
Your spell library was empty.

Dungeon Overview and Level Annotations

Branches:
Dungeon (5/15)
 Temple: D:4-7

Altars:

Annotations:
D:4 Pikel


Message History

You open the door.
There is an open door here.
As you read the scroll of fear, it crumbles to dust.
You assume a fearsome visage.
The ogre looks frightened!
You see here 18 arrows.
There is a stone staircase leading down here.
There is a stone staircase leading up here.
You climb upwards.
The lemure shouts!
You hear a shout! x2; You hear an angry hiss.
There is a stone staircase leading down here.
An adder comes into view.
The kobold shouts!
Found 7 gold pieces.
An orc comes into view. It is wielding a +0 mace.
An orc comes into view. It is wielding a +0 hand axe.
Found a scroll labelled OFA ZAARAL.
You see here 7 gold pieces.
The orc shouts!
A bullfrog comes into view.
Pikel, Merchant of Souls comes into view.
He is wielding a +2 whip of flaming.
A hobgoblin comes into view.
Pikel shouts!
The hobgoblin shouts!
The bullfrog gives a loud, deep croak!
You hear a shout!
You hear an angry hiss.
You hear a shout!
Your library has no spells.
As you read the scroll of fog, it crumbles to dust.
The scroll dissolves into smoke.
The bullfrog closely misses you. The bullfrog barely misses you.
You hit the hobgoblin.
The hobgoblin is heavily wounded.
The bullfrog hits you.
The hobgoblin hits you but does no damage.
Pikel hits you with a +2 whip of flaming.
Pikel burns you. The bullfrog barely misses you.
You hit the hobgoblin.
You kill the hobgoblin!
The orc closely misses you. The bullfrog hits you.
Pikel hits you with a +2 whip of flaming.
* * * LOW HITPOINT WARNING * * *
Pikel burns you.
You die...

###..... ......# ##
.....# .?.# #o##.#
#....##.##.#########
#....$.5.K.......#
#..##o##.#######.#
#..##o##.# #.#
#..§@F5§.# #5#
......§§K§§.# ###.#
.....###§§..# ##...#
.... ####.# #..K##
... #............#
#. ..###...###5# #
........ ####...
..###


You could see Pikel, a lemure, a bullfrog and 2 orcs.

Vanquished Creatures
  A hobgoblin (D:4)
1 creature vanquished.

Notes
Turn   | Place    | Note
-------+----------+-------------------------------------------
     0 | D:5      | psuckher the Demonspawn Delver began the quest for the Orb.
     0 | D:5      | Reached XP level 1. HP: 18/18 MP: 1/1
    40 | D:5      | Noticed an ogre
    70 | D:4      | Noticed a lemure
    88 | D:4      | Noticed a bullfrog
    88 | D:4      | Noticed Pikel
    94 | D:4      | Slain by Pikel

Illustrated notes

Levels and vault maps discovered:
D:4:      layout_loops_ring, marbit_many_paths, uniq_pikel, uniq_duvessa
D:5:      layout_gridville, minmay_tree_intersection, due_unseen_surprise

Action                   || total
-------------------------++-------
Melee: Short sword       ||     2
  Use: Scroll            ||     2
Armor: Leather armour    ||     1
Dodge: Dodged            ||     4

Table legend: (Time is in decaauts)
 A = Elapsed time spent in this place.
 B = Non-inter-level travel time spent in this place.
 C = Inter-level travel time spent in this place.
 D = Time resting spent in this place.
 E = Time spent auto-exploring this place.
 F = Levels seen in this place.
 G = Mean time per level.
                   A        B        C        D        E       F      G
               +--------+--------+--------+--------+--------+-----+--------+
         Total |     92 |     92 |      0 |      0 |      0 |   2 |   46.0 |
       Dungeon |     92 |     92 |      0 |      0 |      0 |   2 |   46.0 |
               +--------+--------+--------+--------+--------+-----+--------+

Top non-repeatable levels by time:
     D:5: 69 daAuts
     D:4: 23 daAuts
